 Dungeon Crawl Stone Soup version 0.31-a0-222-gefeffbb62a (webtiles) character file.

Game seed: 1135505145889487001

69 qw the Shooter (level 4, 0/36 HPs)
             Began as a Minotaur Hexslinger on July 5, 2023.
             Slain by Grinder (9 damage)
             ... on level 3 of the Dungeon.
             The game lasted 00:00:33 (1655 turns).

qw the Shooter (Minotaur Hexslinger)                Turns: 1655, Time: 00:00:34

Health: 0/36       AC:  6    Str: 13    XL:     4   Next: 2%
Magic:  4/4        EV: 11    Int: 10    God:
Gold:   90         SH:  0    Dex: 14    Spells: 4/5 levels left

rFire   . . .        Y - +1 sling
rCold   . . .        (no shield)
rNeg    . . .        a - +0 ring mail
rPois   .            (helmet restricted)
rElec   .            d - +0 cloak
rCorr   .            (no gloves)
SInv    .            (no boots)
Will    .....        (no amulet)
Stlth   +            (no ring)
HPRegen 0.26/turn    (no ring)
MPRegen 0.09/turn

%: no passive effects
@: no status effects
A: horns 2, retaliatory headbutt
a: no special abilities


You were on level 3 of the Dungeon.
You visited 1 branch of the dungeon, and saw 3 of its levels.

You collected 90 gold pieces.


Innate Abilities, Weirdness & Mutations

You have a pair of horns on your head.
You reflexively headbutt those who attack you in melee.


   Skills:
 - Level 2.0 Fighting
 + Level 4.3 Ranged Weapons
 - Level 1.1 Armour
 - Level 2.1 Dodging
 - Level 1.0 Spellcasting
 - Level 2.0 Hexes


You had 4 spell levels left.
You knew the following spells:

 Your Spells              Type           Power      Damage    Failure   Level
a - Slow                  Hex            16%        N/A       32%         1

Your spell library contained the following spells:

 Spells                   Type           Power      Damage    Failure   Level
 Inner Flame              Hex/Fire       2%         N/A       82%         3
 Portal Projectile        Hex/Tloc       4%         N/A       82%         3
 Cause Fear               Hex            2%         N/A       97%         4

Inventory:

Hand Weapons
 Y - a +1 sling (weapon)
Armour
 a - a +0 ring mail (worn)
 d - a +0 cloak (worn)
Scrolls
 c - a scroll of identify
Potions
 b - a potion of enlightenment {unknown}
 f - a potion of might {unknown}
 g - a potion of magic {unknown}

Dungeon Overview and Level Annotations

Branches:
Dungeon (3/15)

Altars:

Annotations:
D:3 Grinder


Message History

1633 ||| STILL FLEEEEING.
1634 ||| STILL FLEEEEING.
1635 ||| STILL FLEEEEING.
1636 ||| STILL FLEEEEING.
1637 ||| STILL FLEEEEING.
1638 ||| STILL FLEEEEING.
You start resting.
Grinder is nearby!
You shoot a sling bullet. The sling bullet hits Grinder.
Grinder is severely wounded.
Grinder closely misses you.
You shoot a sling bullet. The sling bullet hits Grinder.
Grinder is severely wounded.
Grinder gestures at you. Pain shoots through your body!
You shoot a sling bullet. The sling bullet barely misses Grinder.
Grinder says, "I used to sell toenails on the black market."
Grinder hits you.
You writhe in agony.
You shoot a sling bullet.
The sling bullet closely misses Grinder.
Grinder hits you!
You writhe in agony.
You shoot a sling bullet. The sling bullet hits Grinder.
Grinder is almost dead.
Grinder hits you but does no damage.
Grinder blinks!
You start resting.
Grinder is nearby!
You shoot a sling bullet.
The sling bullet hits Grinder but does no damage.
Grinder is almost dead.
You shoot a sling bullet. The sling bullet barely misses Grinder.
Grinder says, "You look like you could use a good racking."
Grinder barely misses you.
You shoot a sling bullet.
The sling bullet hits Grinder but does no damage.
Grinder is almost dead.
Grinder blinks! x2
You shoot a sling bullet. The sling bullet hits Grinder.
Grinder is almost dead.
Grinder hits you!
You die...

......#.....# ......#######
#####.....# ### #.....# #..
#.....# #.. #.5)..# ####### #..
#.....# #....##.######..
#####.....#
#####.##.##.........
..........#
#.¤@5...¤.^..#...##.
#.......###
#.###.#)####.#...'.. #.......#
#.###.#....).#...###
#...%...######.#...#.######...#
.#####.........#.##########...#
. ###########..........'...#
############...# ######...#
#........#


You could see Grinder.

Vanquished Creatures
  3 adders (D:2)
  2 worms (D:2)
  3 dart slugs
  An orc (D:3)
  2 ball pythons
  A bat (D:2)
  2 giant cockroaches
  5 goblins
  2 hobgoblins (D:2)
  A quokka (D:3)
  2 frilled lizards
  4 kobolds (D:2)
  A rat (D:1)
29 creatures vanquished.

Notes
Turn   | Place    | Note
-------+----------+-------------------------------------------
     0 | D:1      | qw the Minotaur Hexslinger began the quest for the Orb.
     0 | D:1      | Reached XP level 1. HP: 16/16 MP: 1/1
     0 | D:1      | 0 ||| qw: Version: 0.3-a-46-gb1f654a
     0 | D:1      | 0 ||| qw: Game counter: 1070
     0 | D:1      | 0 ||| qw: Melee chars always use a shield: true
     0 | D:1      | 0 ||| qw: God list: Okawaru
     0 | D:1      | 0 ||| qw: Allow faded altars: false
     0 | D:1      | 0 ||| qw: Do Orc after clearing Dungeon:15 true
     0 | D:1      | 0 ||| qw: Do second Lair branch before Depths: true
     0 | D:1      | 0 ||| qw: Lair rune preference: random
     0 | D:1      | 0 ||| qw: Goals: Normal
     0 | D:1      | 0 ||| PLANNING D:1-11
   161 | D:1      | You fall into a shaft and drop 1 floor!
   191 | D:2      | Reached skill level 3 in Ranged Weapons
   191 | D:2      | Reached XP level 2. HP: 23/23 MP: 2/2
   232 | D:2      | 232 ||| UPGRADING to +0 cloak.
   237 | D:2      | 237 ||| READING scroll labelled NISMISTIDAS.
   238 | D:2      | 238 ||| DROPPING scroll of poison.
   707 | D:1      | 707 ||| UPGRADING to +0 ring mail.
   717 | D:1      | 717 ||| DROPPING +0 robe.
   918 | D:2      | Reached XP level 3. HP: 29/29 MP: 3/3
   963 | D:2      | Reached skill level 4 in Ranged Weapons
   966 | D:2      | HP: 5/29 [worm (3)]
  1215 | D:2      | Reached skill level 1 in Armour
  1275 | D:2      | Found a faded altar of an unknown god.
  1600 | D:3      | Noticed Grinder
  1605 | D:3      | Reached XP level 4. HP: 36/36 MP: 4/4
  1612 | D:3      | 1612 ||| FLEEEEING.
  1613 | D:3      | 1613 ||| FLEEEEING.
  1616 | D:3      | 1616 ||| FLEEEEING.
  1627 | D:3      | 1627 ||| FLEEEEING.
  1628 | D:3      | 1628 ||| FLEEEEING.
  1629 | D:3      | 1629 ||| FLEEEEING.
  1647 | D:3      | HP: 9/36 [Grinder (8)]
  1655 | D:3      | Slain by Grinder

Levels and vault maps discovered:
D:1:      dpeg_arrival_renting, layout_basic, nrook_uturn, minivault_24,
          kennysheep_boxes
D:2:      layout_loops_ring, shapermc_ecumenical_altar_hornbeckon,
          grunt_ministairs_3, grunt_decor_arrowhead, corexii_corridor_pit
D:3:      layout_basic, chequers_temple_overflow_statue_of_worship,
          gammafunk_temple_overflow_statue, uniq_grinder, uniq_sigmund

Skill      XL: |  1  2  3 |
---------------+----------+-----
Ranged Weapons | 3 4 |  4.3
Fighting       | 2 |  2.0
Armour         | 1 |  1.1
Dodging        | |  2.1
Spellcasting   | |  1.0
Hexes          | |  2.0

Action                     |  1- 3 |  4- 6 || total
---------------------------+-------+-------++-------
   Fire: Sling             |   100 |    15 ||   115
    Use: Scroll            |     1 |       ||     1
 Armour: Robe              |     2 |       ||     2
         Ring mail         |     6 |     1 ||     7
  Dodge: Dodged            |    21 |     3 ||    24

Table legend:
 A = Non-vault XP
 B = Vault XP
 C = Vault XP percentage of total XP
 D = Non-vault monster count
 E = Vault monster count
 F = Vault count percentage of total count
                 A         B        C        D         E       F
            +---------+---------+-------+---------+---------+-------
      Total |      84 |      15 |  15.2 |      27 |       2 |   6.9
            +---------+---------+-------+---------+---------+-------
        D:1 |      10 |       0 |   0.0 |       6 |       0 |   0.0
        D:2 |      61 |      15 |  19.7 |      16 |       2 |  11.1
        D:3 |      13 |       0 |   0.0 |       5 |       0 |   0.0
            +---------+---------+-------+---------+---------+-------
